 Dungeon Crawl Stone Soup version 0.30-a0-283-gf371ce1921 (webtiles) character file.

Game seed: 12383146579463455697

6833 Ijustatesigmund the Blocker (level 11, -4/89 HPs)
             Began as a Gnoll Fighter on Oct 17, 2022.
             Was a Follower of Cheibriados.
             Killed from afar by Erica (25 damage)
             ... with a bolt of poison
             ... on level 8 of the Dungeon.
             The game lasted 00:18:01 (7921 turns).

Ijustatesigmund the Blocker (Gnoll Fighter)         Turns: 7921, Time: 00:18:02

Health: -4/89      AC: 25    Str: 20    XL:     11   Next: 5%
Magic:  20/20      EV:  8    Int: 11    God:    Cheibriados [*.....]
Gold:   320        SH:  8    Dex: 14    Spells: 22/22 levels left

rFire   + . .      SeeInvis .    a - +0 war axe
rCold   . . .      Faith    .    c - +2 buckler
rNeg    . . .      Spirit   .    b - +1 plate armour
rPois   .          Reflect  .    m - +2 hat {Will+}
rElec   .          Harm     .    k - scarf {repulsion}
rCorr   .          Rampage  .    F - +1 pair of gloves
Will    +....                    g - +1 pair of boots
Stlth   ..........               C - amulet of the acrobat
HPRegen 0.34/turn                B - +4 ring of protection
MPRegen 0.17/turn                j - ring of protection from fire

@: lethally poisoned (-4 -> -20), repel missiles, very slow
A: fangs 1, strong nose, distributed training
a: Renounce Religion, Bend Time


You were on level 8 of the Dungeon.
You worshipped Cheibriados.
Cheibriados was aware of your devotion.
You visited 2 branches of the dungeon, and saw 10 of its levels.
You also visited: Ossuary.

You collected 320 gold pieces.

Inventory:

Hand Weapons
 a - a +0 war axe (weapon)
 x - a +2 scimitar
Armour
 b - a +1 plate armour (worn)
 c - a +2 buckler (worn)
 g - a +1 pair of boots (worn)
 k - a scarf of repulsion (worn)
 m - a +2 hat of willpower (worn)
 F - a +1 pair of gloves (worn)
Jewellery
 j - a ring of protection from fire (right hand)
 q - a ring of positive energy
 w - a ring of willpower
 B - a +4 ring of protection (left hand)
 C - an amulet of the acrobat (around neck)
 G - a +6 ring of dexterity
Wands
 i - a wand of paralysis (19)
 r - a wand of mindburst (10)
 s - a wand of acid (8)
 u - a wand of digging (7)
 z - a wand of flame (16)
 E - a wand of iceblast (4)
Scrolls
 e - 3 scrolls of immolation
 n - 2 scrolls of fog
 y - 4 scrolls of identify
 D - a scroll of teleportation
Potions
 d - a potion of ambrosia
 h - 2 potions of flight
 l - 5 potions of mutation
 o - 2 potions of curing
 p - a potion of degeneration {unknown}
 t - 2 potions of heal wounds
 v - 7 potions of attraction
 A - 3 potions of lignification {unknown}
Miscellaneous
 f - a phantom mirror (inert)


   Skills:
 + Level 9.1 Fighting
 + Level 6.1 Short Blades
 + Level 6.1 Long Blades
 + Level 7.7 Axes
 + Level 6.1 Maces & Flails
 + Level 6.1 Polearms
 + Level 6.1 Staves
 + Level 6.1 Ranged Weapons
 + Level 6.1 Throwing
 + Level 9.1 Armour
 + Level 6.1 Dodging
 + Level 6.1 Stealth
 + Level 9.1 Shields
 + Level 6.1 Unarmed Combat
 + Level 6.1 Spellcasting
 + Level 5.0 Conjurations
 + Level 5.0 Hexes
 + Level 5.0 Summonings
 + Level 5.0 Necromancy
 + Level 5.0 Translocations
 + Level 5.0 Transmutations
 + Level 5.0 Fire Magic
 + Level 5.0 Ice Magic
 + Level 5.0 Air Magic
 + Level 5.0 Earth Magic
 + Level 5.0 Poison Magic
 + Level 6.7 Invocations
 + Level 6.1 Evocations


You had 22 spell levels left.
You didn't know any spells.
Your spell library contained the following spells:

 Spells                   Type           Power      Damage    Failure   Level
 Beastly Appendage        Tmut           28%        N/A       47%         1
 Cigotuvi's Dreadful Rot  Necr/Pois/Air  28%        N/A       63%         2
 Wereblood                Tmut           14%        N/A       63%         2
 Spider Form              Tmut/Pois      14%        N/A       85%         3
 Dispel Undead            Necr           14%        3d10      99%         4
 Death Channel            Necr           7%         N/A       100%        6


Dungeon Overview and Level Annotations

Branches:
Dungeon (9/15)             Temple (1/1) D:7         Ossuary (visited)
   Lair: D:8-11         Orc: D:9-12

Altars:
Ashenzari
Cheibriados
Dithmenos
Elyvilon
Fedhas
Gozag
Hepliaklqana
Kikubaaqudgha
Makhleb
Nemelex Xobeh
Okawaru
Qazlal
Ru
Sif Muna
Trog
Uskayaw
Vehumet
Wu Jian
Xom
Yredelemnul
Zin
The Shining One

Shops:
D:1 (!:   D:2 [   D:3 (

Annotations:
D:8 Erica


Innate Abilities, Weirdness & Mutations

You have very sharp teeth.
Your uncanny sense of smell can sniff out nearby items.
Your experience applies equally to all skills.


Message History

You hit Erica. Your bite misses Erica.
Erica is lightly wounded.
Erica hits you but does no damage.
You slash Erica!
Erica is lightly wounded.
You block Erica's attack.
Erica hits you with a +1 scimitar of flaming.
Erica burns you.
You hit Erica.
Erica is moderately wounded.
Erica gestures at you while chanting. The bolt of poison hits you!!
You are poisoned.
You closely miss Erica.
Erica is moderately wounded.
You feel sick. Erica hits you but does no damage.
You hit Erica. You bite Erica, but do no damage.
Erica is moderately wounded.
You feel sick. You block Erica's attack.
You hit Erica.
Erica is moderately wounded.
You feel sick. You block Erica's attack.
You slash Erica! Your bite misses Erica.
Erica is heavily wounded.
You feel sick. Erica hits you but does no damage.
You slash Erica!
Erica is severely wounded.
You feel sick. Erica barely misses you. Erica casts a spell at you.
The lance of force hits you!!
* * * LOW HITPOINT WARNING * * *
You are knocked back by the lance of force.
Aiming: Mindburst
Press: ? - help, Shift-Dir - straight line, f - Erica
Aim: Erica, wielding a +1 scimitar of flaming and wearing a +1 robe of willpower (severely wounded, chance to affect: 21%) Erica resists with almost no effort.
You feel sick. Erica casts a spell at you. The bolt of poison hits you!!
You are more poisoned.
You die...

############ ######
##.....#.....### #....#
##................ #....#
#................. #....#
#................. #....#
#.....@...........
#....###.................
####........................
.......#####..†....=........
............#.....#.........
.#...........(...####@##....
..<...........#### .# ..
.#..........#.# ..
............#.# ...


You could see Erica.

Vanquished Creatures
  Gastronok (D:8)
  A two-headed ogre (D:9)
  Pikel (D:7)
  Psyche (D:9)
  Prince Ribbit (D:7)
  Grinder (D:4)
  Sigmund (D:4)
  6 yaks (D:9)
  2 wraiths (Ossuary)
  2 wyverns
  2 orc warriors
  A black bear (D:5)
  An ogre (D:6)
  2 centaurs
  4 phantoms
  A kobold brigand (D:6)
  2 bullfrogs
  A gnoll sergeant (D:5)
  A scorpion (D:5)
  2 necrophages
  2 wights (Ossuary)
  5 killer bees (D:9)
  5 howler monkeys
  A centaur zombie (Ossuary)
  4 hounds
  An orc priest (D:9)
  A gnoll bouda (D:9)
  2 jellies
  4 iguanas
  Natasha (twice) (D:4)
  3 orc wizards
  6 gnolls
  11 adders
  2 shadow imps
  A white imp (D:6)
  An ufetubus (D:6)
  A dart slug (D:2)
  14 orcs
  9 bats
  7 endoplasms
  4 giant cockroaches
  6 goblins
  10 hobgoblins
  3 jackals (D:1)
  9 kobolds
  3 quokkas
  7 ball pythons
  A ball python skeleton (Ossuary)
  6 frilled lizards
  4 hobgoblin zombies (Ossuary)
  3 orc skeletons (Ossuary)
  20 rats
192 creatures vanquished.

Vanquished Creatures (collateral kills)
  A howler monkey (D:9)
1 creature vanquished.

Grand Total: 193 creatures vanquished

Notes
Turn   | Place    | Note
-------+----------+-------------------------------------------
     0 | D:1      | Ijustatesigmund the Gnoll Fighter began the quest for the
                  | Orb.
     0 | D:1      | Reached XP level 1. HP: 23/23 MP: 1/1
    48 | D:1      | Found Kigasog's Vocational Training.
   298 | D:1      | Reached XP level 2. HP: 29/29 MP: 2/2
   415 | D:1      | Found Juegh's Distillery.
   421 | D:1      | Found Runov's Antique Weapon Shop.
   563 | D:1      | Reached XP level 3. HP: 35/35 MP: 3/3
   866 | D:2      | Reached skill level 1 in Invocations
   868 | D:2      | Reached skill level 1 in Short Blades
   868 | D:2      | Reached skill level 1 in Long Blades
   868 | D:2      | Reached skill level 1 in Maces & Flails
   868 | D:2      | Reached skill level 1 in Polearms
   868 | D:2      | Reached skill level 1 in Staves
   868 | D:2      | Reached skill level 1 in Ranged Weapons
   868 | D:2      | Reached skill level 1 in Throwing
   868 | D:2      | Reached skill level 1 in Dodging
   868 | D:2      | Reached skill level 1 in Stealth
   868 | D:2      | Reached skill level 1 in Unarmed Combat
   868 | D:2      | Reached skill level 1 in Spellcasting
   868 | D:2      | Reached skill level 1 in Evocations
   919 | D:2      | Found a white marble altar of Elyvilon.
   970 | D:2      | Reached XP level 4. HP: 41/41 MP: 5/5
  1114 | D:2      | Found Jolaif's Antique Armour Shop.
  1252 | D:2      | Reached skill level 1 in Conjurations
  1252 | D:2      | Reached skill level 1 in Hexes
  1252 | D:2      | Reached skill level 1 in Summonings
  1252 | D:2      | Reached skill level 1 in Necromancy
  1252 | D:2      | Reached skill level 1 in Translocations
  1252 | D:2      | Reached skill level 1 in Transmutations
  1252 | D:2      | Reached skill level 1 in Fire Magic
  1252 | D:2      | Reached skill level 1 in Ice Magic
  1252 | D:2      | Reached skill level 1 in Air Magic
  1252 | D:2      | Reached skill level 1 in Earth Magic
  1252 | D:2      | Reached skill level 1 in Poison Magic
  1530 | D:3      | Found Nuuhabbo's Weapon Shoppe.
  1719 | D:3      | Reached XP level 5. HP: 44/47 MP: 5/7
  2220 | D:4      | Noticed Natasha
  2229 | D:4      | Killed Natasha
  2334 | D:4      | Noticed Grinder
  2335 | D:4      | Paralysed by Grinder for 3 turns
  2346 | D:4      | Paralysed by Grinder for 5 turns
  2358 | D:4      | Paralysed by Grinder for 5 turns
  2365 | D:4      | Killed Grinder
  2366 | D:4      | Reached skill level 5 in Axes
  2366 | D:4      | Reached XP level 6. HP: 33/53 MP: 7/9
  2404 | D:4      | Noticed Natasha
  2412 | D:4      | Killed Natasha
  2442 | D:4      | Noticed Sigmund
  2455 | D:4      | Killed Sigmund
  2456 | D:4      | Reached XP level 7. HP: 43/60 MP: 10/10
  3310 | D:5      | Entered Level 5 of the Dungeon
  3443 | D:5      | Reached XP level 8. HP: 67/67 MP: 12/12
  3730 | D:5      | Found a sand-covered staircase.
  3735 | Ossuary  | Entered an ossuary
  3963 | Ossuary  | Noticed a wraith
  3963 | Ossuary  | Noticed a flying skull
  3972 | Ossuary  | Noticed a flying skull
  3974 | Ossuary  | Noticed a flying skull
  3997 | Ossuary  | Noticed a flying skull
  4007 | Ossuary  | Noticed a wraith
  4019 | Ossuary  | Killed a wraith
  4119 | Ossuary  | Noticed a wraith
  4129 | Ossuary  | Killed a wraith
  4396 | D:5      | Reached XP level 9. HP: 53/73 MP: 14/14
  5507 | D:7      | Noticed Pikel
  5519 | D:7      | Killed Pikel
  5520 | D:7      | Reached skill level 5 in Invocations
  5695 | D:7      | Found a staircase to the Ecumenical Temple.
  5701 | Temple   | Entered the Ecumenical Temple
  6074 | Temple   | Became a worshipper of Cheibriados the Contemplative
  6250 | D:7      | Noticed Prince Ribbit
  6272 | D:7      | Killed Prince Ribbit
  6552 | D:8      | Noticed Psyche
  6552 | D:8      | Noticed Gastronok
  6553 | D:8      | Noticed a two-headed ogre
  6557 | D:8      | HP: 1/74 [two-headed ogre/+0 giant spiked club (18)]
  6573 | D:9      | Reached skill level 5 in Short Blades
  6573 | D:9      | Reached skill level 5 in Long Blades
  6573 | D:9      | Reached skill level 5 in Maces & Flails
  6573 | D:9      | Reached skill level 5 in Polearms
  6573 | D:9      | Reached skill level 5 in Staves
  6573 | D:9      | Reached skill level 5 in Ranged Weapons
  6573 | D:9      | Reached skill level 5 in Throwing
  6573 | D:9      | Reached skill level 5 in Dodging
  6573 | D:9      | Reached skill level 5 in Stealth
  6573 | D:9      | Reached skill level 5 in Unarmed Combat
  6573 | D:9      | Reached skill level 5 in Spellcasting
  6573 | D:9      | Reached skill level 5 in Evocations
  6573 | D:9      | Reached XP level 10. HP: 7/81 MP: 17/17
  6848 | D:9      | Killed Psyche
  6983 | D:9      | Killed a two-headed ogre
  6996 | D:9      | Reached * piety under Cheibriados
  7534 | D:8      | Killed Gastronok
  7535 | D:8      | Reached skill level 5 in Conjurations
  7535 | D:8      | Reached skill level 5 in Hexes
  7535 | D:8      | Reached skill level 5 in Summonings
  7535 | D:8      | Reached skill level 5 in Necromancy
  7535 | D:8      | Reached skill level 5 in Translocations
  7535 | D:8      | Reached skill level 5 in Transmutations
  7535 | D:8      | Reached skill level 5 in Fire Magic
  7535 | D:8      | Reached skill level 5 in Ice Magic
  7535 | D:8      | Reached skill level 5 in Air Magic
  7535 | D:8      | Reached skill level 5 in Earth Magic
  7535 | D:8      | Reached skill level 5 in Poison Magic
  7535 | D:8      | Reached XP level 11. HP: 12/89 MP: 18/20
  7808 | D:8      | Found an opulent altar of Gozag.
  7910 | D:8      | Noticed Erica
  7921 | D:8      | Killed from afar by Erica

Illustrated notes

Levels and vault maps discovered:
D:1:      scummos_arrival_simple_fountains, layout_loops_corners, serial_shops,
          nicolae_shop_temple_entry_statues_fountains,
          nicolae_shop_behind_doors, nicolae_shop_vocational
D:2:      layout_rooms, basic_altar, serial_shops, nicolae_shop_behind_doors,
          minmay_rat_hole
D:3:      layout_basic, serial_shops, nicolae_shop_bloodbath_and_beyond
D:4:      layout_gridville, st_stairs_8, uniq_grinder, uniq_natasha,
          uniq_sigmund
D:5:      layout_loops_ring, enter_ossuary_2, grunt_ministairs_5,
          grunt_decor_junction, hex_medium
D:6:      layout_basic
D:7:      layout_cave_pools, minmay_temple_entry_ruins, uniq_pikel,
          uniq_prince_ribbit1
D:8:      layout_rooms, mainiacjoe_overflow_concentric_impassable,
          david_lair_shrubbed, uniq_psyche, uniq_erica, uniq_gastronok
D:9:      layout_cross, serial_shops, nicolae_shop_advertising_works
          [nicolae_subvault_shop_adworks], kennysheep_mini_moat, feat_on_display
Temple:   mainiacjoe_temple_trianglar_array

Skill      XL: |  1  2  3  4  5  6  7  8  9 10 |
---------------+-------------------------------+-----
Invocations    | 1 2 3 4 5 6 |  6.7
Short Blades   | 1 2 3 5 6 |  6.1
Long Blades    | 1 2 3 5 6 |  6.1
Maces & Flails | 1 2 3 5 6 |  6.1
Polearms       | 1 2 3 5 6 |  6.1
Staves         | 1 2 3 5 6 |  6.1
Ranged Weapons | 1 2 3 5 6 |  6.1
Throwing       | 1 2 3 5 6 |  6.1
Dodging        | 1 2 3 5 6 |  6.1
Stealth        | 1 2 3 5 6 |  6.1
Unarmed Combat | 1 2 3 5 6 |  6.1
Spellcasting   | 1 2 3 5 6 |  6.1
Evocations     | 1 2 3 5 6 |  6.1
Conjurations   | 1 2 3 4 5 |  5.0
Hexes          | 1 2 3 4 5 |  5.0
Summonings     | 1 2 3 4 5 |  5.0
Necromancy     | 1 2 3 4 5 |  5.0
Translocations | 1 2 3 4 5 |  5.0
Transmutations | 1 2 3 4 5 |  5.0
Fire Magic     | 1 2 3 4 5 |  5.0
Ice Magic      | 1 2 3 4 5 |  5.0
Air Magic      | 1 2 3 4 5 |  5.0
Earth Magic    | 1 2 3 4 5 |  5.0
Poison Magic   | 1 2 3 4 5 |  5.0
Axes           | 5 6 7 |  7.7
Fighting       | 7 8 9 |  9.1
Armour         | 7 8 9 |  9.1
Shields        | 7 8 9 |  9.1

Action                   |  1- 3 |  4- 6 |  7- 9 | 10-12 || total
-------------------------+-------+-------+-------+-------++-------
Melee: War axe           |    86 |    96 |   346 |   107 ||   635
       Bite              |     4 |     7 |    49 |    20 ||    80
Evoke: Wand              |       |       |     6 |    24 ||    30
       Phantom mirror    |       |       |       |     1 ||     1
  Use: Scroll            |       |     2 |    10 |     3 ||    15
       Potion            |       |     1 |     5 |     1 ||     7
 Stab: Paralysed         |       |       |     4 |    12 ||    16
Armor: Scale mail        |    57 |    44 |     4 |       ||   105
       Plate armour      |       |       |   213 |    72 ||   285
Dodge: Dodged            |    40 |    41 |   120 |    57 ||   258
       Repelled          |       |       |     1 |     1 ||     2
Block: Buckler           |    21 |    29 |   130 |    55 ||   235

Table legend: (Time is in decaauts)
 A = Elapsed time spent in this place.
 B = Non-inter-level travel time spent in this place.
 C = Inter-level travel time spent in this place.
 D = Time resting spent in this place.
 E = Time spent auto-exploring this place.
 F = Levels seen in this place.
 G = Mean time per level.
                   A        B        C        D        E       F      G
               +--------+--------+--------+--------+--------+-----+--------+
         Total |   8260 |   8091 |    169 |   1380 |   5017 |  11 |  750.9 |
       Dungeon |   7345 |   7196 |    149 |   1194 |   4506 |   9 |  816.1 |
        Temple |    392 |    373 |     19 |      0 |    359 |   1 |  392.0 |
       Ossuary |    522 |    522 |      0 |    186 |    152 |   1 |  522.0 |
               +--------+--------+--------+--------+--------+-----+--------+

Top non-repeatable levels by time:
     D:4: 1115 daAuts
     D:5: 1020 daAuts
     D:9: 942 daAuts
     D:1: 873 daAuts
     D:7: 837 daAuts
     D:3: 836 daAuts
     D:6: 643 daAuts
     D:2: 553 daAuts
     D:8: 522 daAuts
 Ossuary: 522 daAuts
  Temple: 392 daAuts
